 Dungeon Crawl Stone Soup version 0.31-a0-516-gfcb59812bd (webtiles) character file.

Game seed: 1105642494226762061

18 GordonOverkill the Sneak (level 2, 0/16 HPs)
             Began as a Vine Stalker Delver on Aug 10, 2023.
             Slain by a mummy (16 damage)
             ... in an ossuary.
             The game lasted 00:01:46 (362 turns).

GordonOverkill the Sneak (Vine Stalker Delver)       Turns: 362, Time: 00:01:46

Health: 0/16       AC:  3    Str: 14    XL:     2   Next: 66%
Magic:  0/3        EV: 11    Int: 10    God:
Gold:   0          SH:  0    Dex: 15    Spells: 1/1 levels left

rFire   . . .        a - +0 hand axe
rCold   . . .        (no shield)
rNeg    . . .        b - +0 leather armour
rPois   .            (no helmet)
rElec   .            (no cloak)
rCorr   .            (no gloves)
SInv    .            (no boots)
Will    .....        (no amulet)
Stlth   +++          (no ring)
HPRegen 0.22/turn    (no ring)
MPRegen 0.08/turn

%: guardian spirit
@: no status effects
A: fangs 2, magic shield, antimagic bite, no potion heal 2
a: no special abilities


You were in an ossuary.
You visited 1 branch of the dungeon, and saw 1 of its levels.
You also visited: Ossuary.

Inventory:

Hand Weapons
 a - a +0 hand axe (weapon)
Armour
 b - a +0 leather armour (worn)
Wands
 g - a wand of digging (3)
 i - a wand of flame (11)
Scrolls
 c - a scroll of fog
 d - a scroll of enchant armour {unknown}
 e - a scroll of fear
 h - a scroll of revelation
Potions
 f - a potion of haste


   Skills:
 - Level 2.6 Fighting
 + Level 2.9 Axes
 - Level 1.5 Dodging
 - Level 6.0 Stealth


You had one spell level left.
You didn't know any spells.
Your spell library was empty.

Dungeon Overview and Level Annotations

Branches:
Dungeon (5/15)            Ossuary (1/1)
 Temple: D:4-7

Altars:

Shops:
D:5 (

Annotations:
D:5 Blork the orc


Innate Abilities, Weirdness & Mutations

You have extremely sharp teeth.
When hurt, damage is shared between your health and your magic reserves.
Your bite disrupts and absorbs the magic of your enemies.
Potions cannot restore your health.


Message History

The kobold zombie is severely damaged.
The kobold zombie hits you but does no damage.
You hit the kobold zombie but do no damage.
The kobold zombie is severely damaged.
The kobold zombie closely misses you.
You barely miss the kobold zombie. You bite the kobold zombie.
You drain its power.
The kobold zombie is almost destroyed.
The kobold zombie hits you but does no damage.
You hit the kobold zombie.
You destroy the kobold zombie!
No target in view!
No target in view!
Aiming: Throw Flame
Press: ? - help, Shift-Dir - straight line, f - mummy
Aim: a mummy (85% to hit)
The puff of flame hits the mummy.
The mummy is lightly damaged.
Aiming: Throw Flame
Press: ? - help, Shift-Dir - straight line, f/p - mummy
Aim: a mummy (lightly damaged, 85% to hit)
The puff of flame hits the mummy.
The mummy is burned terribly!
The mummy is lightly damaged.
Aiming: Throw Flame
Press: ? - help, Shift-Dir - straight line, f/p - mummy
Aim: a mummy (lightly damaged, 85% to hit)
The puff of flame hits the mummy.
The mummy is burned terribly!
The mummy is moderately damaged.
Aiming: Throw Flame
Press: ? - help, Shift-Dir - straight line, f/p - mummy
Aim: a mummy (moderately damaged, 85% to hit)
The puff of flame hits the mummy.
The mummy is burned terribly!
The mummy is severely damaged.
You hit the mummy.
The mummy is almost destroyed.
You hit the mummy but do no damage.
The mummy is almost destroyed.
The mummy hits you!!
Ouch! That really hurt!
You die...

Z...........
..........
........
......
#....#
#....#
#..M.#
#..@.#
#....#
#....#
#....#
#....#
#.∩∩.#
######


You could see a mummy and a kobold zombie (dormant).

Vanquished Creatures
  A mummy (Ossuary)
  A gnoll zombie (Ossuary)
  2 hobgoblin zombies (Ossuary)
  4 kobold zombies (Ossuary)
8 creatures vanquished.

Notes
Turn   | Place    | Note
-------+----------+-------------------------------------------
     0 | D:5      | GordonOverkill the Vine Stalker Delver began the quest for
                  | the Orb.
     0 | D:5      | Reached XP level 1. HP: 11/11 MP: 2/2
     2 | D:5      | Found Tuad's Firing Range.
    61 | D:5      | Noticed Blork the orc
    67 | D:5      | Found a sand-covered staircase.
    72 | Ossuary  | Entered an ossuary
   332 | Ossuary  | Reached XP level 2. HP: 16/16 MP: 3/3
   362 | Ossuary  | Slain by a mummy

Illustrated notes

Levels and vault maps discovered:
D:5:      layout_layer_cave, kennysheep_mini, mainiacjoe_overflow_divided_tiny,
          nicolae_elyvilon_temple_path, hellmonk_ghost_happy_afterlife,
          nicolae_ossuary_entry_false_entrances, nicolae_shop_firing_range,
          uniq_blork_the_orc
Ossuary:  ossuary_tomb_3

Skill      XL: |  1 |
---------------+----+-----
Axes           | 2 |  2.9
Fighting       | |  2.6
Dodging        | |  1.5
Stealth        | |  6.0

Action                     || total
---------------------------++-------
  Melee: Hand axe          ||    28
         Bite              ||    10
  Evoke: Wand              ||     6
    Use: Scroll            ||     1
 Armour: Leather armour    ||     6
  Dodge: Dodged            ||     8

Table legend: (Time is in decaauts)
 A = Elapsed time spent in this place.
 B = Non-inter-level travel time spent in this place.
 C = Inter-level travel time spent in this place.
 D = Time resting spent in this place.
 E = Time spent auto-exploring this place.
 F = Levels seen in this place.
 G = Mean time per level.
                   A        B        C        D        E       F      G
               +--------+--------+--------+--------+--------+-----+--------+
         Total |    367 |    367 |      0 |    173 |      0 |   2 |  183.5 |
       Dungeon |     72 |     72 |      0 |      0 |      0 |   1 |   72.0 |
       Ossuary |    295 |    295 |      0 |    173 |      0 |   1 |  295.0 |
               +--------+--------+--------+--------+--------+-----+--------+

Top non-repeatable levels by time:
 Ossuary: 295 daAuts
     D:5: 72 daAuts
